 Dungeon Crawl Stone Soup version 0.31.0-11-ge490571c62 (webtiles) character file.

Game seed: 16847709661775643802

287 Dirian the Insei (level 6, -10/38 HPs)
             Began as an Octopode Shapeshifter on Feb 3, 2024.
             Killed by divine providence
             ... invoked by an orc priest
              (12 damage)
             ... on level 4 of the Dungeon.
             The game lasted 00:05:45 (3370 turns).

Dirian the Insei (Octopode Shapeshifter)            Turns: 3370, Time: 00:05:46

Health: -10/38     AC:  1    Str: 19    XL:     6   Next: 30%
Magic:  6/6        EV: 13    Int: 12    God:
Gold:   76         SH:  0    Dex: 14    Spells: 5/5 levels left

rFire   . .          .
                       - Unarmed
rCold   . . .        (no shield)
rNeg    + . .        d - melded +0 hat
rPois   +            (no amulet)
rElec   .            i - ring of poison resistance
rCorr   .            n - +6 ring of strength
SInv    .            p - ring of positive energy
Will    .....        (no ring)
Stlth   +++          (no ring)
HPRegen 0.26/turn    (no ring)
MPRegen 0.10/turn    (no ring)
                     (no ring)

%: no passive effects
@: beast-form
A: beast (slay +2), almost no armour, amphibious, 8 rings, camouflage 1,
gelatinous body 1, (nimble swimmer 1), tentacles
a: Begin Untransformation


You were on level 4 of the Dungeon.
You were a hulking beast.
You visited 1 branch of the dungeon, and saw 4 of its levels.

You collected 196 gold pieces.
You spent 120 gold pieces at shops.

Inventory:

Armour
 d - a +0 hat (melded)
Jewellery
 i - a ring of poison resistance (left tentacle)
 n - a +6 ring of strength (right tentacle)
 p - a ring of positive energy (on tentacle)
Talismans
 b - a beast talisman (active)
 c - a flux talisman
Scrolls
 t - a scroll of teleportation
Potions
 a - a potion of lignification
 f - a potion of mutation
 j - 2 potions of curing {unknown}
 l - a potion of brilliance {unknown}
 o - a potion of berserk rage
 w - 2 potions of heal wounds


   Skills:
 + Level 1.5 Fighting
 + Level 2.3 Dodging
 + Level 3.8 Stealth
 + Level 4.8 Unarmed Combat
 * Level 4.3 Shapeshifting


You had 5 spell levels left.
You didn't know any spells.
Your spell library contained the following spells:

 Spells                   Type           Power      Damage    Failure   Level
 Ensorcelled Hibernation  Hex/Ice        0%         N/A       45%         2
 Inner Flame              Hex/Fire       0%         N/A       69%         3
 Passwall                 Erth           0%         N/A       69%         3
 Swiftness                Air            0%         N/A       69%         3
 Flame Wave               Conj/Fire      0%         2d4       97%         4
 Sticky Flame             Fire/Alch      0%         2d4       97%         4


Dungeon Overview and Level Annotations

Branches:
Dungeon (4/15) Zot: 20640
 Temple: D:4-7

Altars:

Shops:
D:3 !

Annotations:
D:2 1 runed translucent door, Crazy Yiuf


Innate Abilities, Weirdness & Mutations

You are a hulking beast.
Your limbs bulge with bestial killing power. (Slay +2)
You cannot wear most types of armour.
You are amphibious.
You can wear up to eight rings at the same time.
Your skin changes colour to match your surroundings (Stealth+).
Your rubbery body absorbs attacks. (AC +1, EV +1)
((You are camouflaged when in or above water. (Stealth+)))
You have tentacles for arms and can constrict up to eight enemies at once.


Message History

A phantom comes into view.
The orc wizard gestures at you while chanting.
The magic dart hits you!
You barely miss the phantom.
Your tentacle-slap misses the phantom.
Your squeeze misses the phantom. The phantom hits you.
The phantom blinks!
You blink.
An orc wizard and 2 orcs come into view.
Found a scroll labelled COTZED NIU.
Found a stone staircase leading up.
The orc shouts!
The orc wizard shouts!
The orc shouts!
You tentacle-slap the phantom.
The phantom is lightly damaged.
You hear a shout!
The phantom hits you.
The phantom blinks!
You blink.
The phantom attacks as it pursues you! The phantom hits you.
You tentacle-slap the phantom but do no damage.
You tentacle-slap the phantom, but do no damage.
Your squeeze misses the phantom.
The phantom is lightly damaged.
The phantom completely misses you.
You closely miss the phantom.
The phantom is lightly damaged.
The phantom hits you.
* * * LOW HITPOINT WARNING * * *
You tentacle-slap the phantom but do no damage.
The phantom hits you.
* * * LOW HITPOINT WARNING * * *
The phantom blinks!
You blink.
An orc priest comes into view. It is wielding a +0 hand axe.
The orc wizard hits you with a +0 dagger.
* * * LOW HITPOINT WARNING * * *
The orc attacks as it pursues you! The orc hits you with a +0 club.
* * * LOW HITPOINT WARNING * * *
The orc wizard attacks as it pursues you!
The orc wizard closely misses you.
There is a stone staircase leading up here.
The orc hits you with a +0 club.
* * * LOW HITPOINT WARNING * * *
The orc priest invokes the aid of Beogh against you.
Beogh smites you!
You die...

#.# #.# #.#
#.########
#.#......#
#ยง#......#
#.#....?.#
#........# #
..###.o..h.#.##.
..o...o.ooW......
...........####.#
...........)(>#
##########.##.#
#.##.# #.##)#
#.##.####
#.......# .


You could see a phantom, an orc priest, 2 orc wizards and 2 orcs.

Vanquished Creatures
  A phantom (D:4)
  A bombardier beetle (D:4)
  An orc wizard (D:4)
  A gnoll (D:3)
  4 adders
  2 ribbon worms
  2 dart slugs
  8 orcs
  7 ball pythons
  2 bats
  11 endoplasms
  2 giant cockroaches
  8 goblins
  7 hobgoblins
  8 jackals
  3 quokkas
  6 frilled lizards
  5 kobolds
  4 rats
83 creatures vanquished.

Notes
Turn   | Place    | Note
-------+----------+-------------------------------------------
     0 | D:1      | Dirian the Octopode Shapeshifter began the quest for the
                  | Orb.
     0 | D:1      | Reached XP level 1. HP: 13/13 MP: 1/1
   160 | D:1      | Reached XP level 2. HP: 18/18 MP: 2/2
   613 | D:1      | Reached XP level 3. HP: 19/23 MP: 3/3
  1208 | D:2      | Reached skill level 1 in Stealth
  1373 | D:2      | Reached XP level 4. HP: 28/28 MP: 4/4
  1627 | D:2      | Found a runed translucent door.
  1628 | D:2      | Noticed Crazy Yiuf
  1748 | D:3      | Found Ywaiph's Distillery.
  1753 | D:3      | Bought a potion of berserk rage for 60 gold pieces
  1753 | D:3      | Bought a potion of heal wounds for 60 gold pieces
  2632 | D:4      | Reached XP level 5. HP: 30/33 MP: 5/5
  3124 | D:4      | Noticed a phantom
  3164 | D:4      | HP: 1/33 [phantom (7)]
  3167 | D:4      | Killed a phantom
  3168 | D:4      | Reached XP level 6. HP: 2/38 MP: 6/6
  3370 | D:4      | Killed from afar by an orc priest

Illustrated notes

Levels and vault maps discovered:
D:1:      shiori_arrival_maze, layout_basic, chequers_serial_rivers_small_3
D:2:      layout_rooms, minmay_misc_feat_chi, uniq_crazy_yiuf_cottage
D:3:      layout_basic, serial_shops, nicolae_shop_hallway_plus
D:4:      cheibrodos_helix_gallery, layout_basic,
          nicolae_ru_sacrificial_ziggurat

Skill      XL: |  1  2  3  4  5 |
---------------+----------------+-----
Stealth        | 1 3 |  3.8
Unarmed Combat | 4 |  4.8
Shapeshifting  | 4 |  4.3
Fighting       | |  1.5
Dodging        | |  2.3

Action                     |  1- 3 |  4- 6 || total
---------------------------+-------+-------++-------
  Melee: Unarmed           |    64 |    94 ||   158
         Constrict         |    18 |    17 ||    35
         Tentacles         |     9 |    20 ||    29
         Punch             |     2 |     6 ||     8
    Use: Scroll            |       |     6 ||     6
         Potion            |       |     1 ||     1
   Stab: Sleeping          |    10 |     4 ||    14
         Distracted        |     1 |       ||     1
 Armour: Skin              |    22 |    62 ||    84
  Dodge: Dodged            |    30 |    56 ||    86
   Form: Beast             |     1 |     1 ||     2
                           |       |     1 ||     1
